 Dungeon Crawl Stone Soup version 0.19-a0-1568-gdd01aac (webtiles) character file.

43750 Alarkh the Carver (level 13, -3/94 HPs)
             Began as a Mummy Necromancer on Sept 15, 2016.
             Was the Champion of Okawaru.
             Killed by divine providence
             ... invoked by a meliai
              (12 damage)
             ... on level 5 of the Lair of Beasts.
             The game lasted 00:51:31 (17352 turns).

Alarkh the Carver (Mummy Necromancer)              Turns: 17352, Time: 00:51:32

Health: -3/94      AC: 29    Str: 14    XL:     13   Next: 92%
Magic:  23/23      EV: 18    Int: 19    God:    Okawaru [******]
Gold:   1009       SH: 14    Dex: 18    Spells: 4 memorised, 14 levels left

rFire  x . .     SeeInvis +     a - +12 broad axe "Judwile" {elec, +Blink rN++ SInv}
rCold  + + .     Gourm    .     t - +4 ring mail of Starshine {Int+3}
rNeg   + + +     Faith    .     d - +1 shield {AC+3}
rPois  ∞         Spirit   .     R - +4 hat "Wytuac" {+Inv rC+ rN+ Int-3}
rElec  +         Dismiss  .     A - +0 cloak
rCorr  .         Reflect  .     y - +2 pair of gloves {Dex+3}
MR     +....     Harm     .     j - +0 pair of boots
Stlth  ++++......               r - amulet of regeneration
                                h - +5 ring of protection
                                p - ring "Daly" {Wiz rElec rPois Str+2 Dex+3}

@: heroism
A: no food or potions, fire vulnerability, cold resistance 1, negative energy
resistance 3, torment resistance, unbreathing, in touch with death 1
a: Heroism, Finesse, Renounce Religion, Evoke Blink, Evoke Invisibility


You were on level 5 of the Lair of Beasts.
You worshipped Okawaru.
Okawaru was exalted by your worship.
You were not hungry.

You visited 3 branches of the dungeon, and saw 17 of its levels.
You also visited: Ossuary.

You collected 1672 gold pieces.
You spent 663 gold pieces at shops.

Inventory:

Hand Weapons
 a - the +12 broad axe "Judwile" (weapon) {elec, +Blink rN++ SInv}
   (Okawaru gifted it to you on level 11 of the Dungeon)

   Occasionally, upon striking a foe, it will discharge some electrical energy
   and cause terrible harm.
   It greatly protects you from negative energy.
   It lets you see invisible.
   It lets you blink.
 b - a +0 hand axe of flaming
 q - a +2 scimitar
 x - a +0 scimitar
Missiles
 J - 2 throwing nets (quivered)
Armour
 d - a +1 shield of protection (worn)
 j - a +0 pair of boots (worn)
 t - the +4 ring mail of Starshine (worn) {Int+3}
   (You found it on level 2 of the Lair of Beasts)

   It affects your intelligence (+3).
 y - a +2 pair of gloves of dexterity (worn)
 A - a +0 cloak (worn)
 B - a +2 pair of gloves
 G - a troll hide {Snorg}
 L - a +2 buckler
 R - the +4 hat "Wytuac" (worn) {+Inv rC+ rN+ Int-3}
   (Okawaru gifted it to you on level 2 of the Lair of Beasts)

   It affects your intelligence (-3).
   It protects you from cold.
   It protects you from negative energy.
   It lets you turn invisible.
Magical Staves
 k - an uncursed staff of cold
 S - an uncursed staff of earth
Jewellery
 h - a +5 ring of protection (right hand)
 i - an uncursed ring of see invisible
 m - an uncursed ring of protection from cold
 p - the ring "Daly" (left hand) {Wiz rElec rPois Str+2 Dex+3}
   (You acquired it on level 10 of the Dungeon)

   [ring of wizardry]

   It improves your spell success rate.
   It affects your strength (+2).
   It affects your dexterity (+3).
   It insulates you from electricity.
   It protects you from poison.
 r - an amulet of regeneration (around neck)
 C - an uncursed ring of resist corrosion
 T - an uncursed ring of protection from fire
Wands
 l - a wand of acid (0/15)
 n - a wand of acid (0/15)
 o - a wand of disintegration (4/24)
 M - a wand of lightning (1/15)
Scrolls
 e - 2 scrolls of identify
 f - 6 scrolls of magic mapping
 g - 2 scrolls of recharging
 u - 3 scrolls of teleportation
 w - a scroll of amnesia
 z - 3 scrolls of enchant weapon
 I - a scroll of summoning
 K - 3 scrolls of torment
 U - 3 scrolls of remove curse
 Z - 2 scrolls of blinking
Books
 c - a book of Unlife

   Spells                             Type                      Level
   a - Recall                         Summoning/Translocation      3
   b - Animate Dead                   Necromancy                   4
   c - Control Undead                 Necromancy                   4
   d - Cigotuvi's Embrace             Necromancy                   5
   e - Death Channel                  Necromancy                   6
   f - Simulacrum                     Ice/Necromancy               6
 v - a book of Ice

   Spells                             Type                      Level
   a - Ice Form                       Ice/Transmutation            4
   b - Metabolic Englaciation         Hexes/Ice                    5
   c - Ozocubu's Refrigeration        Ice                          6
   d - Bolt of Cold                   Conjuration/Ice              6
   e - Freezing Cloud                 Conjuration/Ice/Air          6
   f - Simulacrum                     Ice/Necromancy               6
Miscellaneous
 Y - a crystal ball of energy


   Skills:
 + Level 6.4(11.4) Fighting
 * Level 12.5(17.5) Long Blades
 + Level 5.1(10.1) Armour
 + Level 5.6(10.6) Dodging
 + Level 5.8(10.8) Stealth
 + Level 7.4(12.4) Shields
 - Level 7.1 Spellcasting
 - Level 8.0 Necromancy
 + Level 5.5 Invocations


You had 14 spell levels left.
You knew the following spells:

 Your Spells              Type           Power        Failure   Level  Hunger
a - Vampiric Draining     Necr           ######....   1%          3    N/A
c - Animate Dead          Necr           N/A          4%          4    N/A
d - Control Undead        Necr           ######....   4%          4    N/A
e - Pain                  Necr           ####         1%          1    N/A

Dungeon Overview and Level Annotations

Branches:
Dungeon (11/15)            Temple (1/1) D:6            Lair (5/6) D:9
 Shoals (0/4) Lair:2        Snake (0/4) Lair:2          Orc (0/2) D:11
  Slime: Lair:5-6

Altars:
Ashenzari
Cheibriados
Dithmenos
Elyvilon
Fedhas
Gozag
Hepliaklqana
Kikubaaqudgha
Makhleb
Nemelex Xobeh
Okawaru
Qazlal
Ru
Sif Muna
Trog
Uskayaw
Vehumet
Xom
Yredelemnul
Zin
The Shining One

Shops:
D:8 *[![(

Annotations:
D:6 Xiguana's ghost, novice VSMo


Innate Abilities, Weirdness & Mutations

You do not eat or drink.
Your flesh is vulnerable to fire.
You are immune to poison.
Your flesh is cold resistant. (rC+)
You are immune to negative energy. (rN+++)
You are immune to unholy pain and torment.
You can survive without breathing.
You are in touch with the powers of death.


Message History

The meliai hits you with a war axe!
* * * LOW HITPOINT WARNING * * *
The meliai stings you but does no damage.
Your ring mail of Starshine prevents you from hitting the meliai.
The meliai is moderately wounded.
You slice the killer bee!!
You kill the killer bee!
Okawaru accepts your kill. You block the meliai's attack.
The meliai stings you but does no damage.
The killer bee stings you but does no damage.
The meliai barely misses you. You block the meliai's attack.
The killer bee stings you but does no damage.
As you read the scroll of fear, it crumbles to dust.
You assume a fearsome visage.
The killer bee looks frightened!
The meliai looks frightened! x2; The killer bee stings the plant.
Cornered, the meliai turns to fight!
The meliai invokes the aid of its god against you.
Something smites you!
You die...

#...##.#...P##
###
##..####.....#
#....#
##.##...
##..##
#..##... #.##
##.P.... ##.#
# .... ##..#
%# ... #.#.#
.% ##.@###.#
#....†.#
##..#y.y#
#.##P### #..
## ..P# ##..#
P..# #..#


You could see a meliai and a killer bee (fleeing).

Vanquished Creatures
  Gastronok (Lair:3)
  Snorg (D:10)
  5 hydras
  A catoblepas (Lair:3)
  A queen ant (Lair:3)
  Sonja (Lair:2)
  Nergalle (D:10)
  4 skeletal warriors (D:11)
  Pikel (D:8)
  A hill giant (D:10)
  An ugly thing (D:10)
  An orc knight (D:10)
  9 elephants
  2 griffons (Lair:4)
  A siren (Lair:2)
  4 black mambas
  A centaur skeleton (D:10)
  A gargoyle (D:10)
  5 spiny frogs
  4 komodo dragons
  A rime drake (Lair:5)
  A meliai (Lair:5)
  A merfolk (Lair:2)
  A queen bee (Lair:5)
  23 blink frogs
  Grinder (D:3)
  9 dream sheep
  28 yaks
  3 wyverns
  2 basilisks
  6 hippogriffs
  2 hungry ghosts
  5 soldier ants (Lair:3)
  9 water moccasins
  5 orc warriors
  6 porcupines
  A black bear (D:7)
  An ice beast (D:8)
  2 sky beasts
  4 phantoms
  6 wolves (Lair:3)
  2 centaurs
  4 ogres
  11 crocodiles
  The ghost of Xiguana the Skirmisher, an amateur VSMo (D:3)
  6 big kobolds
  12 bullfrogs
  A water moccasin zombie (D:9)
  2 wyvern zombies
  A troll zombie (D:11)
  2 scorpions
  14 killer bees
  3 wights (D:8)
  An electric eel (Lair:3)
  3 howler monkeys
  6 crimson imps
  6 jellies
  A centaur zombie (D:10)
  3 orc priests
  11 orc wizards
  4 hounds
  A gnoll shaman (D:9)
  10 iguanas
  39 worker ants
  5 ogre zombies (D:11)
  A hound zombie (D:3)
  4 hound skeletons
  5 mummies (Ossuary)
  4 worker ant zombies
  5 gnolls (D:9)
  2 howler monkey skeletons
  13 adders
  39 river rats
  2 shadow imps
  An ooze (D:4)
  An adder zombie (D:8)
  4 worms
  4 leopard geckos
  29 orcs
  A ball python (D:3)
  A giant cockroach (D:2)
  5 gnoll zombies
  4 goblins
  8 hobgoblins
  7 jackals
  23 kobolds
  7 quokkas
  8 bats
  3 frilled lizards
  3 hobgoblin zombies
  3 kobold zombies (Ossuary)
  An orc skeleton (D:11)
  17 orc zombies
  A quokka skeleton (D:3)
  6 rats
  3 fungi
527 creatures vanquished.

Vanquished Creatures (collateral kills)
  An orc wizard (D:3)
  3 mummies (Ossuary)
  4 orcs (D:3)
  A goblin (D:3)
  A hobgoblin (D:3)
10 creatures vanquished.

Vanquished Creatures (others)
  7 fungi
  6 plants (Lair:3)
13 creatures vanquished.

Grand Total: 550 creatures vanquished

Notes
Turn   | Place    | Note
-------+----------+-------------------------------------------
     0 | D:1      | Alarkh the Mummy Necromancer began the quest for the Orb.
     0 | D:1      | Reached XP level 1. HP: 13/13 MP: 3/3
   277 | D:1      | Reached XP level 2. HP: 19/19 MP: 1/5
   619 | D:2      | Found a hazy altar of Hepliaklqana.
  1054 | D:2      | Reached XP level 3. HP: 24/24 MP: 5/7
  1059 | D:2      | Learned a level 3 spell: Vampiric Draining
  1297 | D:2      | Found a basalt altar of Yredelemnul.
  1362 | D:3      | Noticed Grinder
  1453 | D:3      | Reached XP level 4. HP: 28/30 MP: 9/9
  1473 | D:3      | Learned a level 4 spell: Animate Dead
  1475 | D:3      | Noticed Xiguana's ghost (amateur VSMo)
  1515 | D:4      | Reached skill level 5 in Necromancy
  1634 | D:4      | Reached XP level 5. HP: 30/35 MP: 10/10
  1933 | D:5      | Entered Level 5 of the Dungeon
  2068 | D:5      | Reached XP level 6. HP: 41/41 MP: 12/12
  2080 | D:5      | Learned a level 4 spell: Control Undead
  2744 | D:5      | Reached skill level 1 in Long Blades
  2908 | D:6      | Noticed a wyvern
  2914 | D:6      | Killed a wyvern
  2914 | D:6      | Reached skill level 2 in Long Blades
  2959 | D:6      | Reached XP level 7. HP: 19/46 MP: 14/14
  2976 | D:6      | Found a radiant altar of Vehumet.
  3009 | D:6      | Noticed Xiguana's ghost (novice VSMo)
  3682 | D:3      | Found a bloodstained altar of Trog.
  3821 | D:3      | Reached skill level 3 in Long Blades
  3830 | D:3      | Your ally Xiguana died
  3853 | D:3      | Killed Grinder
  3853 | D:3      | Reached skill level 5 in Spellcasting
  3866 | D:3      | Found a radiant altar of Vehumet.
  4053 | D:3      | Found a glowing silver altar of Zin.
  4308 | D:3      | Found an iron altar of Okawaru.
  4309 | D:3      | Found a shattered altar of Ashenzari.
  4315 | D:3      | Became a worshipper of Warmaster Okawaru
  4565 | D:6      | Reached skill level 4 in Long Blades
  4565 | D:6      | Reached XP level 8. HP: 20/52 MP: 16/16
  4794 | D:6      | Found a staircase to the Ecumenical Temple.
  4870 | Temple   | Entered the Ecumenical Temple
  5237 | D:6      | Reached skill level 5 in Long Blades
  5339 | D:7      | Reached * piety under Okawaru
  5505 | D:7      | Paralysed by an orc wizard for 4 turns
  5548 | D:7      | Found a sand-covered staircase.
  5565 | Ossuary  | Entered an ossuary
  5656 | Ossuary  | Reached XP level 9. HP: 52/57 MP: 18/18
  5852 | D:7      | Reached ** piety under Okawaru
  5852 | D:7      | Reached skill level 6 in Long Blades
  5943 | D:7      | Found a bloodstained altar of Trog.
  6454 | D:7      | Found a snail-covered altar of Cheibriados.
  6591 | D:8      | Found Relerho's Armour Shop.
  6598 | D:8      | Bought a +2 buckler for 247 gold pieces
  6650 | D:8      | Reached skill level 7 in Long Blades
  6650 | D:8      | Reached skill level 1 in Shields
  6765 | D:8      | Found Pafuv's Antique Armour Shoppe.
  6770 | D:8      | Bought an encrusted ring mail for 288 gold pieces
  6787 | D:8      | Identified the cursed +1 ring mail "Tunaen" {rPois Dex+2 Stlth-} (You bought it in a shop on level 8 of the Dungeon)
  6793 | D:8      | Bought a glowing ring mail for 128 gold pieces
  6847 | D:8      | Found Zaciamonn's Assorted Antiques.
  6875 | D:8      | Found Alexip's Distillery.
  7101 | D:8      | Noticed Pikel
  7129 | D:8      | Killed Pikel
  7129 | D:8      | Reached *** piety under Okawaru
  7129 | D:8      | Received a gift from Okawaru
  7163 | D:8      | Found an opulent altar of Gozag.
  7164 | D:8      | Found Mischepn's Antique Weapon Emporium.
  7199 | D:8      | Reached skill level 8 in Long Blades
  7374 | D:8      | Found a white marble altar of Elyvilon.
  7480 | D:9      | Found a staircase to the Lair.
  7504 | D:9      | Reached XP level 10. HP: 48/63 MP: 19/20
  8001 | D:9      | Reached **** piety under Okawaru
  8178 | D:9      | Reached skill level 9 in Long Blades
  8202 | D:9      | Noticed a three-headed hydra
  8238 | D:9      | Killed a four-headed hydra
  8562 | Lair:1   | Entered Level 1 of the Lair of Beasts
  8588 | Lair:2   | Reached ***** piety under Okawaru
  8725 | Lair:3   | Reached skill level 5 in Shields
  8786 | Lair:3   | Noticed a five-headed hydra
  8852 | Lair:3   | Reached skill level 10 in Long Blades
  8863 | Lair:3   | Noticed a spiny frog
  8879 | Lair:3   | Killed a spiny frog
  8903 | Lair:3   | Reached skill level 1 in Fighting
  9095 | Lair:3   | Killed a five-headed hydra
  9095 | Lair:3   | Reached skill level 1 in Armour
  9095 | Lair:3   | Reached XP level 11. HP: 71/71 MP: 21/21
  9116 | Lair:3   | Noticed a four-headed hydra
  9399 | Lair:3   | Noticed a four-headed hydra
  9520 | Lair:3   | Received a gift from Okawaru
  9716 | Lair:3   | Reached skill level 1 in Invocations
  9887 | Lair:3   | Reached ****** piety under Okawaru
 10359 | Lair:3   | Noticed a catoblepas
 10536 | Lair:2   | Got a translucent ring mail
 10547 | Lair:2   | Identified the +4 ring mail of Starshine {Int+3} (You found it on level 2 of the Lair of Beasts)
 10571 | Lair:2   | Noticed Sonja
 10601 | Lair:2   | Killed Sonja
 10807 | Lair:2   | Found a staircase to the Snake Pit.
 10957 | Lair:2   | Found a staircase to the Shoals.
 11054 | Lair:1   | Reached XP level 12. HP: 50/81 MP: 15/22
 11143 | Lair:2   | Reached skill level 11 in Long Blades
 11187 | Lair:2   | Received a gift from Okawaru
 11236 | Lair:2   | Got an ichor-stained hat {god gift}
 11242 | Lair:2   | Identified the +4 hat "Wytuac" {+Inv rC+ rN+ Int-3} (Okawaru gifted it to you on level 2 of the Lair of Beasts)
 12026 | Lair:1   | Got a smoking short sword
 12416 | D:10     | Entered Level 10 of the Dungeon
 12427 | D:10     | Identified a scroll of acquirement
 12443 | D:10     | Got a bound granite ring
 12445 | D:10     | Identified the ring "Daly" {Wiz rElec rPois Str+2 Dex+3} (You acquired it on level 10 of the Dungeon)
 12624 | D:10     | Noticed Nergalle
 12666 | D:10     | Killed Nergalle
 12769 | D:10     | Noticed Snorg
 13152 | D:10     | Killed Snorg
 14489 | D:11     | Found a staircase to the Orcish Mines.
 14506 | D:11     | Received a gift from Okawaru
 14507 | D:11     | Got a transparent broad axe {god gift}
 14508 | D:11     | Identified the +12 broad axe "Judwile" {elec, +Blink rN++ SInv} (Okawaru gifted it to you on level 11 of the Dungeon)
 15174 | D:11     | Reached skill level 5 in Fighting
 15174 | D:11     | Gained mutation: You are in touch with the powers of death. [Mummy growth]
 15174 | D:11     | Reached XP level 13. HP: 91/91 MP: 23/23
 15514 | Lair:3   | Noticed Gastronok
 15526 | Lair:3   | Killed Gastronok
 15526 | Lair:3   | Received a gift from Okawaru
 15526 | Lair:3   | Reached skill level 5 in Dodging
 15689 | Lair:3   | Reached skill level 12 in Long Blades
 16346 | Lair:4   | Reached skill level 5 in Invocations
 16353 | Lair:4   | Reached skill level 5 in Stealth
 16718 | Lair:4   | Reached skill level 5 in Armour
 16816 | Lair:4   | Received a gift from Okawaru
 17352 | Lair:5   | Killed from afar by a meliai

Vault maps used:
D:1:      minmay_arrival_radiant_lines, grunt_decor_resistance
D:2:      lemuel_zombie_altar_yredelemnul, lemuel_crystal_altar
D:3:      lightli_temple_of_fire, minitemple, serial_undead, serial_undead_d,
          serial_undead_c, serial_undead_e, serial_undead_b, lemuel_tele_altar,
          uniq_grinder
D:5:      first_bread
D:6:      lemuel_crystal_altar
D:7:      lemuel_coloured_pillars_altar, lightli_ossuary_entry_decrepit_ruins,
          minivault_24, nrook_mini_backslash, trog_butcher_becter
D:8:      old_standard_altar, nicolae_overflow_hidden_temple, serial_shops,
          shop, shop, nicolae_shop_overgrown_old_shop, shop, shop, uniq_pikel
D:9:      lair_0_dummy, hangedman_ranch
D:10:     cheibrodos_orc_bank, uniq_snorg, uniq_nergalle
D:11:     zombieorc1_lemuel
Temple:   jpeg_temple_clearing
Lair:2:   elwin_shoals_entry_rooms, dummy_snake_entry, grunt_megastairs_4,
          uniq_sonja
Lair:3:   zaba_antful_of_joy, infiniplex_staircase_pool, serial_bayou_shore_a,
          uniq_gastronok
Lair:5:   special_room, grunt_forest_large_clearing_hut
Ossuary:  ossuary_tomb_3

Skill      XL: |  1  2  3  4  5  6  7  8  9 10 11 12 13 |
---------------+----------------------------------------+-----
Spellcasting   | 3 4 5 6 7 |  7.1
Necromancy     | 5 6 7 8 |  8.0
Long Blades    | 2 4 5 8 10 11 12 | 12.5
Shields        | 2 5 6 7 |  7.4
Fighting       | 1 3 5 6 |  6.4
Armour         | 1 3 4 5 |  5.1
Dodging        | 2 3 4 5 |  5.6
Stealth        | 3 4 5 |  5.8
Invocations    | 2 4 5 |  5.5

Action                   |  1- 3 |  4- 6 |  7- 9 | 10-12 | 13-15 || total
-------------------------+-------+-------+-------+-------+-------++-------
Melee: Unarmed           |    33 |    24 |       |       |       ||    57
       Rapier            |       |     6 |       |       |       ||     6
       Falchion          |       |   220 |   151 |       |       ||   371
       Glaive            |       |     5 |   191 |       |       ||   196
       Scimitar          |       |       |   530 |  1453 |       ||  1983
       Punch             |       |       |     1 |       |       ||     1
       Broad axe         |       |       |       |    76 |   246 ||   322
       Hand axe          |       |       |       |       |     7 ||     7
 Cast: Pain              |    59 |    90 |    60 |    25 |    22 ||   256
       Control Undead    |       |       |     7 |       |       ||     7
       Vampiric Draining |       |       |    45 |   170 |    18 ||   233
       Animate Dead      |       |       |     1 |     2 |       ||     3
Invok: Heroism           |       |       |     2 |    12 |     2 ||    16
Evoke: Wand              |       |       |     3 |     8 |     7 ||    18
  Use: Scroll            |     4 |     4 |     6 |    20 |     1 ||    35
 Stab: Distracted        |       |       |       |     2 |     2 ||     4
       Sleeping          |       |       |       |     5 |     3 ||     8
Armor: Robe              |     5 |       |     7 |   220 |       ||   232
       Ring mail         |    19 |   166 |   494 |   280 |   297 ||  1256
Dodge: Dodged            |    25 |   115 |   423 |   565 |   294 ||  1422
Block: Buckler           |       |       |    50 |   417 |       ||   467
       Shield            |       |       |       |    80 |   330 ||   410
